 Dungeon Crawl Stone Soup version 0.17-a0-1504-gb7d9117 (webtiles) character file.

128 sqallbeste the Chopper (level 4, -1/34 HPs)
             Began as a Demonspawn Gladiator on July 8, 2015.
             Was an Initiate of Trog.
             Succumbed to a kobold's poison
             ... on level 3 of the Dungeon.
             The game lasted 00:06:16 (2675 turns).

sqallbeste the Chopper (Demonspawn Gladiator)       Turns: 2675, Time: 00:06:16

Health: -1/34      AC:  4    Str: 15    XL:     4   Next: 87%
Magic:  4/4        EV:  7    Int:  9    God:    Trog [......]
Gold:   55         SH:  0    Dex: 15    Spells: 0 memorised, 3 levels left

rFire  . . .     SeeInvis .     a - +0 war axe
rCold  . . .     Clarity  .     b - +0 leather armour
rNeg   . . .     SustAt   .     (no shield)
rPois  .         Gourm    .     c - +0 helmet
rElec  .         Spirit   .     (no cloak)
rCorr  .         Warding  .     (no gloves)
rMut   .         Stasis   .     (no boots)
MR     .....                    (no amulet)
Stlth  ++........               k - ring of flight
                                f - ring of invisibility

@: lethally poisoned (-1 -> -23), not resistant to hostile enchantments,
unstealthy
A: claws 1, nightstalker 1
a: Burn Spellbooks, Renounce Religion, Evoke Invisibility, Evoke Flight


You were on level 3 of the Dungeon.
You worshipped Trog.
Trog was noncommittal.
You were not hungry.

You visited 1 branch of the dungeon, and saw 3 of its levels.

You collected 55 gold pieces.

Inventory:

Hand weapons
 a - a +0 war axe (weapon)
Missiles
 d - 3 throwing nets (quivered)
Armour
 b - a +0 leather armour (worn)
 c - a +0 helmet (worn)
Jewellery
 f - a ring of invisibility (left claw)
 k - a ring of flight (right claw)
Scrolls
 e - a scroll of recharging
 i - a scroll of magic mapping
 n - a scroll of fear {unknown}
 r - a scroll of remove curse {unknown}
Potions
 g - a potion of heal wounds {unknown}
 h - a potion of brilliance {unknown}
 j - a potion of flight {unknown}
 l - a potion of curing {unknown}
 o - a potion of lignification {unknown}
Comestibles
 p - 2 royal jellies
 q - a bread ration


   Skills:
 + Level 2.8 Fighting
 + Level 3.9 Axes
 - Level 1.7 Throwing
 * Level 2.4 Armour
 - Level 2.6 Dodging


You had 3 spell levels left.
You didn't know any spells.

Dungeon Overview and Level Annotations

Branches:
Dungeon (3/15)

Altars:
Ashenzari
Cheibriados
Qazlal
Trog


Innate Abilities, Weirdness & Mutations

You have sharp fingernails.
You are slightly more attuned to the shadows.


Message History

You are too injured to fight recklessly!
You are too injured to fight recklessly!
You are too injured to fight recklessly!
Unknown command.
* * * LOW HITPOINT WARNING * * *
You feel very sick. The bat closely misses you.
The kobold shoots a poisoned needle.
The poisoned needle closely misses you.
You barely miss the bat.
* * * LOW HITPOINT WARNING * * *
You feel very sick. The bat hits you but does no damage.
The kobold shoots a poisoned needle.
The poisoned needle barely misses you.
The poisoned needle misses the bat.
* * * LOW HITPOINT WARNING * * *
You feel sick. The bat hits you but does no damage.
* * * LOW HITPOINT WARNING * * *
You feel sick. The bat hits you but does no damage.
There is a stone staircase leading up here.
You see here 2 poisoned needles.
You die...

##........##
#..........#
#.....>....#
#..........#
#$.........#
#...?.Kb)..#
##.....(..##
#.....@....#
#...........#
#.......(...#
............#
.#....$.....#
##........##
##......##


You could see a bat and a kobold.

Vanquished Creatures
  An orc priest (D:3)
  2 adders (D:2)
  An ooze (D:2)
  2 worms (D:2)
  A giant gecko (D:1)
  2 orcs (D:2)
  7 bats
  4 giant cockroaches
  14 hobgoblins
  A quokka (D:2)
  8 goblins
  5 jackals (D:2)
  8 kobolds
  5 rats
61 creatures vanquished.

Notes
Turn   | Place    | Note
--------------------------------------------------------------
     0 | D:1      | sqallbeste the Demonspawn Gladiator began the quest for the Orb.
     0 | D:1      | Reached XP level 1. HP: 16/16 MP: 1/1
    96 | D:1      | Reached skill level 3 in Axes
   110 | D:1      | Gained mutation: You are slightly more attuned to the shadows. [demonic ancestry]
   110 | D:1      | Reached XP level 2. HP: 9/22 MP: 2/2
   317 | D:1      | Found a shattered altar of Ashenzari.
   413 | D:1      | Reached skill level 1 in Armour
   443 | D:1      | You fall through a shaft!
   942 | D:1      | Reached XP level 3. HP: 27/27 MP: 3/3
  1562 | D:2      | Found a snail-covered altar of Cheibriados.
  1562 | D:2      | Found a stormy altar of Qazlal.
  1683 | D:2      | Found a bloodstained altar of Trog.
  1932 | D:2      | Gained mutation: You have sharp fingernails. [demonic ancestry]
  1932 | D:2      | Reached XP level 4. HP: 34/34 MP: 4/4
  2035 | D:2      | Became a worshipper of Trog the Wrathful
  2674 | D:3      | HP: 1/34 [poisoned by a kobold]
  2675 | D:3      | Succumbed to a kobold's poison

Vault maps used:
D:1:      minmay_arrival_doors, minmay_misc_feat_room, evilmike_ruin_ashenzari
D:2:      gammafunk_temple_overflow_elements, first_bread, grunt_ministairs_14,
          serial_park_tiny_1, trog_three_pillars_becter
D:3:      serial_park_tiny_2, uniq_terence, uniq_robin

Action                   |  1- 3 |  4- 6 || total
-------------------------+-------+-------++-------
Melee: War axe           |   153 |    61 ||   214
  Use: Scroll            |     2 |       ||     2
 Stab: Sleeping          |     8 |       ||     8
  Eat: Bread ration      |     1 |       ||     1
       Meat ration       |       |     1 ||     1
